 Dungeon Crawl Stone Soup version 0.22.1-1-ga44c0e56f4 (webtiles) character file.

527 JedernureinKreuz the Firebug (level 6, -2/47 HPs)
             Began as a Demigod Fire Elementalist on Sept 19, 2018.
             Slain by a gnoll
             ... wielding a +0 spear
              (10 damage)
             ... on level 3 of the Dungeon.
             The game lasted 00:20:52 (4197 turns).

JedernureinKreuz the Firebug (DgFE)                 Turns: 4197, Time: 00:20:52

Health: -2/47      AC:  3    Str: 11    XL:     6   Next: 71%
Magic:  13/13      EV: 13    Int: 23    God:
Gold:   182        SH:  0    Dex: 22    Spells: 6/11 levels left

rFire    + . .     SeeInvis .   m - +0 short sword
rCold    . . .     Gourm    .   (no shield)
rNeg     . . .     Faith    .   h - +0 leather armour
rPois    .         Spirit   .   (no helmet)
rElec    .         Reflect  .   (no cloak)
rCorr    .         Harm     .   (no gloves)
MR       .....                  (no boots)
Stlth    ++........             (no amulet)
HPRegen  0.15/turn              d - +6 ring of dexterity
MPRegen  0.13/turn              q - ring of protection from fire

@: no status effects
A: high mp 1
a: no special abilities


You were on level 3 of the Dungeon.
You were hungry.

You visited 1 branch of the dungeon, and saw 3 of its levels.

You collected 182 gold pieces.

Inventory:

Hand Weapons
 m - a +0 short sword (weapon)
Missiles
 e - 11 bolts
 i - 35 sling bullets
 p - 3 poisoned javelins (quivered)
Armour
 a - a +0 robe
 h - a +0 leather armour (worn)
Jewellery
 d - a +6 ring of dexterity (left hand)
 q - a ring of protection from fire (right hand)
Scrolls
 b - 6 scrolls of amnesia {unknown}
 f - 3 scrolls of teleportation {unknown}
 j - 2 scrolls of fear {unknown}
 k - a scroll of noise {unknown}
 l - a scroll of identify {unknown}
 r - 2 scrolls of enchant armour {unknown}
Potions
 g - 2 potions of haste {unknown}
 n - a potion of curing {unknown}
Comestibles
 c - 2 rations


   Skills:
 + Level 1.2 Fighting
 + Level 1.5 Short Blades
 + Level 0.7 Throwing
 + Level 2.8 Armour
 + Level 2.6 Dodging
 + Level 2.2 Stealth
 + Level 0.1 Unarmed Combat
 + Level 3.0 Spellcasting
 + Level 2.4 Conjurations
 + Level 3.8 Fire Magic


You had 6 spell levels left.
You knew the following spells:

 Your Spells              Type           Power        Failure   Level  Hunger
a - Flame Tongue          Conj/Fire      ###..        4%          1    None
b - Magic Dart            Conj           ##..         5%          1    None
c - Mephitic Cloud        Conj/Pois/Air  #.......     30%         3    ###....

Your spell library contained the following spells:

 Spells                   Type           Power        Failure   Level  Hunger
 Throw Flame              Conj/Fire      ###...       6%          2    ##.....
 Conjure Flame            Conj/Fire      ###.....     12%         3    ###....
 Inner Flame              Hex/Fire       ##......     21%         3    ###....
 Blink                    Tloc           N/A          22%         2    ##.....
 Call Imp                 Summ           #.......     22%         2    ##.....
 Slow                     Hex            #.......     22%         2    ##.....
 Sticky Flame             Conj/Fire      ###.....     36%         4    ####...
 Fireball                 Conj/Fire      ###.......   73%         5    ######.


Dungeon Overview and Level Annotations

Branches:
Dungeon (3/15)


Innate Abilities, Weirdness & Mutations

You have an increased reservoir of magic. (+10% MP)


Message History

The gnoll is lightly wounded.
The gnoll closely misses you.
You hit the gnoll.
The gnoll is moderately wounded.
The kobold hits you with a whip. The gnoll hits you with a spear.
The gnoll hits you from afar with a spear!
* * * LOW HITPOINT WARNING * * *
Things that are here:
a club x2
A hobgoblin comes into view.
You see here a club.
You see here a club.
There is an open door, spattered with blood here.
You hit the kobold but do no damage. The gnoll misses you.
The kobold hits you with a whip.
* * * LOW HITPOINT WARNING * * *
You hit the kobold.
You kill the kobold!
The gnoll hits you from afar with a spear!
You die...

≈≈≈≈≈≈≈≈≈≈≈≈≈≈≈≈......≈≈≈≈≈≈≈≈≈≈≈
≈≈≈≈≈≈≈≈≈≈≈≈≈≈≈≈......≈≈≈≈≈≈≈≈≈≈≈
≈≈≈≈≈≈≈≈≈≈≈≈≈≈≈≈≈....≈≈≈≈≈≈≈≈≈≈≈≈
##################('#############
##.....#.).....#....#
##......')......#....#
#.......#########....## ###
#)(............#(.....#.....
'.......)...g.g)@.).).'.....
#.......)....).#......#.....
#.......#########.(..#######
##......'... #....# ##.....#....
#....# ########### ######


You could see a gnoll and a hobgoblin.

Vanquished Creatures
  5 big kobolds
  Jessica (D:3)
  4 adders (D:2)
  An ooze (D:3)
  6 worms
  2 leopard geckos
  4 orcs
  3 giant cockroaches
  7 goblins
  5 hobgoblins
  10 jackals
  A quokka (D:3)
  A ball python (D:3)
  4 bats
  3 frilled lizards
  27 kobolds
  7 rats
91 creatures vanquished.

Vanquished Creatures (others)
  4 toadstools (D:1)
4 creatures vanquished.

Grand Total: 95 creatures vanquished

Notes
Turn   | Place    | Note
-------+----------+-------------------------------------------
     0 | D:1      | JedernureinKreuz the Demigod Fire Elementalist began the
                  | quest for the Orb.
     0 | D:1      | Reached XP level 1. HP: 14/14 MP: 5/5
   520 | D:1      | Reached XP level 2. HP: 16/20 MP: 2/7
   700 | D:1      | Reached skill level 1 in Conjurations
  1099 | D:2      | Found a shattered altar of Ashenzari.
  1182 | D:2      | Reached XP level 3. HP: 6/26 MP: 8/8
  1961 | D:2      | Reached XP level 4. HP: 21/33 MP: 7/9
  2130 | D:3      | Noticed Jessica
  2131 | D:3      | Killed Jessica
  2140 | D:3      | Reached skill level 1 in Armour
  2551 | D:3      | Found a snail-covered altar of Cheibriados.
  2643 | D:3      | Learned a level 1 spell: Magic Dart
  2684 | D:3      | Noticed a big kobold
  2690 | D:3      | Noticed a big kobold
  2837 | D:2      | HP: 1/34 [big kobold/club (7)]
  3153 | D:2      | Killed a big kobold
  3153 | D:2      | Reached skill level 1 in Short Blades
  3153 | D:2      | Reached XP level 5. HP: 20/39 MP: 3/11
  3306 | D:3      | Reached skill level 1 in Fighting
  3607 | D:2      | Learned a level 3 spell: Mephitic Cloud
  3663 | D:3      | Reached XP level 6. HP: 9/47 MP: 2/13
  4197 | D:3      | Slain by a gnoll

Skill      XL: |  1  2  3  4  5  6 |
---------------+-------------------+-----
Fire Magic     | 3 |  3.8
Conjurations   | 1 2 |  2.4
Spellcasting   | 2 3 |  3.0
Dodging        | 2 |  2.6
Stealth        | 2 |  2.2
Armour         | 1 2 |  2.8
Short Blades   | 1 |  1.5
Fighting       | 1 |  1.2
Throwing       | |  0.7
Unarmed Combat | |  0.1

Action                   |  1- 3 |  4- 6 || total
-------------------------+-------+-------++-------
Melee: Unarmed           |    24 |       ||    24
       Short sword       |    45 |    89 ||   134
Throw: Javelin           |     7 |    15 ||    22
 Cast: Flame Tongue      |    58 |    21 ||    79
       Magic Dart        |       |    65 ||    65
       Mephitic Cloud    |       |     2 ||     2
 Stab: Sleeping          |     1 |     2 ||     3
  Eat: Chunk             |     4 |     3 ||     7
       Ration            |       |     1 ||     1
Armor: Leather armour    |    22 |    34 ||    56
Dodge: Dodged            |    50 |   112 ||   162
